 Dungeon Crawl Stone Soup version 0.32-a0-868-g153ae1a8d6 (webtiles) character file.

Game seed: 896568920567996664

18948 bronco the Blocker (level 12, -13/103 HPs)
             Began as a Mountain Dwarf Monk on Mar 28, 2024.
             Was an Elder of Ashenzari.
             Mangled by a sixfirhy (14 damage)
             ... in a Gauntlet.
             The game lasted 00:57:14 (12915 turns).

bronco the Blocker (Mountain Dwarf Monk)           Turns: 12915, Time: 00:57:15

Health: -13/103    AC: 17    Str: 15    XL:     12   Next: 32%
Magic:  18/26      EV: 11    Int: 17    God:    Ashenzari [****..]
Gold:   313        SH:  0    Dex: 18    Spells: 16/32 levels left

rFire   + . .        a - +1 spear of Ashenzari's Soothsayer {elec, Dev, Melee} (curse)
rCold   . . .        d - orb "Shackled With Me" {light, Fort, Range} (curse)
rNeg    . . .        M - +2 ring mail "Adversity of Ashenzari" {Will+, Sorc, Elem} (curse)
rPois   .            j - +5 helmet of the Manifest Heavens {Harm Int+5, Cun, Self} (curse)
rElec   .            (no cloak)
rCorr   .            s - +0 pair of gloves "Shackled Affliction" {Bglg, Range} (curse)
SInv    +            p - +0 pair of boots of Ashenzari's Secrets {Bglg, Elem} (curse)
Will    ++++.        F - necklace of Bloodlust {Fury *Rage Will++ Int-3 Slay+6}
Stlth   +            Q - ring "Bound Seer" {Dex+6, Comp, Sorc} (curse)
HPRegen 0.37/turn    D - ring of protection from fire
MPRegen 0.20/turn

%: no teleportation, harm (+30% outgoing, +20% incoming), clarity
@: glowing
A: runic magic, artefact enchanting
a: Renounce Religion, Shatter the Chains


You were in a Gauntlet.
You worshipped Ashenzari.
Ashenzari was greatly pleased with you.
You visited 2 branches of the dungeon, and saw 13 of its levels.
You also visited: Gauntlet.

You collected 745 gold pieces.
You spent 432 gold pieces at shops.

Inventory:

Hand Weapons
 a - the cursed +1 spear of Ashenzari's Soothsayer (weapon) {elec, Dev, Melee}

   It has a curse which improves the following skills: Devices: Evocations and
   Shapeshifting.
   Melee Combat: Short Blades, Long Blades, Axes, Maces & Flails, Polearms,
   Staves and Unarmed Combat.
 L - the +8 sling of Lato {drain, Int+6}
   (You took it off an orc warrior on level 8 of the Dungeon)

   Int+6:     It affects your intelligence (+6).
Missiles
 e - 70 stones
 h - a throwing net
 A - 5 curare-tipped darts (quivered)
 T - 5 silver javelins
Armour
 d - the cursed orb "Shackled With Me" (worn) {light, Fort, Range}

   It has a curse which improves the following skills: Fortitude: Armour and
   Shields.
   Ranged Combat: Ranged Weapons and Throwing.
 i - a +1 leather armour of cold resistance
 j - the cursed +5 helmet of the Manifest Heavens (worn) {Harm Int+5, Cun, Self}
   (You took it off Robin on level 3 of the Dungeon)

   Int+5:     It affects your intelligence (+5).
   Harm:      It increases damage dealt and taken.
   It has a curse which improves the following skills: Cunning: Dodging and
   Stealth.
   Introspection: Fighting and Spellcasting.
 p - the cursed +0 pair of boots of Ashenzari's Secrets (worn) {Bglg, Elem}
   (You found it on level 2 of the Dungeon)

   It has a curse which improves the following skills: Beguiling: Hexes and
   Translocations.
   Elements:  Fire Magic, Ice Magic, Air Magic and Earth Magic.
 s - the cursed +0 pair of gloves "Shackled Affliction" (worn) {Bglg, Range}
   (You found it on level 2 of the Dungeon)

   It has a curse which improves the following skills: Beguiling: Hexes and
   Translocations.
   Ranged Combat: Ranged Weapons and Throwing.
 M - the cursed +2 ring mail "Adversity of Ashenzari" (worn) {Will+, Sorc, Elem}
   (You took it off an orc warrior on level 8 of the Dungeon)

   It has a curse which improves the following skills: Sorcery: Conjurations and
   Alchemy.
   Elements:  Fire Magic, Ice Magic, Air Magic and Earth Magic.
 R - a +0 kite shield
 Y - a +1 pair of gloves of infusion
Magical Staves
 m - a staff of conjuration
 t - a staff of alchemy
 w - a staff of death
Jewellery
 B - a ring of flight
 D - a ring of protection from fire (right hand)
 F - the necklace of Bloodlust (around neck) {Fury *Rage Will++ Int-3 Slay+6}
   (You took it off an orc on level 7 of the Dungeon)

   [amulet of nothing]

   Fury:      It extends the wearer's berserk rage when killing foes.
   Int-3:     It affects your intelligence (-3).
   Slay+6:    It affects your accuracy & damage with ranged weapons and melee
   (+6).
   Will++:    It greatly increases your willpower.
   *Rage:     It berserks you when you make melee attacks (+50% chance).
 Q - the cursed ring "Bound Seer" (left hand) {Dex+6, Comp, Sorc}
   (You took it off a kobold on level 8 of the Dungeon)

   [ring of dexterity]

   Dex+6:     It affects your dexterity (+6).
   It has a curse which improves the following skills: Companions: Summonings
   and Necromancy.
   Sorcery:   Conjurations and Alchemy.
Wands
 H - a wand of flame (18)
 I - a wand of warping (9)
 N - a wand of acid (4)
 P - a wand of mindburst (7)
 W - a wand of polymorph (2)
Scrolls
 g - 2 scrolls of brand weapon
 o - 7 scrolls of teleportation
 u - 3 scrolls of fear
 J - 2 scrolls of fog
 K - a scroll of silence
 O - 3 scrolls of amnesia
 S - a scroll of revelation
Potions
 c - a potion of ambrosia
 f - a potion of invisibility
 k - a potion of magic
 l - 4 potions of attraction
 q - a potion of heal wounds
 r - a potion of might
 v - 2 potions of enlightenment
 x - 4 potions of curing
 z - a potion of brilliance
 C - a potion of berserk rage
 X - a potion of resistance
 Z - a potion of cancellation
Miscellaneous
 b - a phantom mirror (inert)


   Skills:
 - Level 6.7(8.6) Fighting
 - Level 7.5(9.4) Polearms
 - Level 5.5(7.3) Armour
 - Level 2.2(3.6) Dodging
 - Level 10.5(12.3) Shields
 - Level 8.7(10.5) Spellcasting
 + Level 10.0(11.8) Summonings
 - Level 6.0(7.8) Necromancy
 - Level 6.5(9.3) Fire Magic


You had 16 spell levels left.
You knew the following spells:

 Your Spells              Type           Power      Damage    Failure   Level
a - Summon Mana Viper     Hex/Summ       29%        N/A       22%         5
b - Animate Dead          Necr           35%        N/A       3%          4
c - Stone Arrow           Conj/Erth      20%        3d8       24%         3
d - Animate Armour        Summ/Erth      58%        N/A       8%          4

Your spell library contained the following spells:

 Spells                   Type           Power      Damage    Failure   Level
 Inner Flame              Hex/Fire       25%        N/A       3%          3
 Magic Dart               Conj           40%        1d5       8%          1
 Lesser Beckoning         Tloc           20%        N/A       12%         2
 Searing Ray              Conj           20%        2d5       12%         2
 Teleport Other           Tloc           10%        N/A       24%         3
 Borgnjor's Vile Clutch   Necr/Erth      11%        N/A       43%         5
 Death Channel            Necr           17%        N/A       50%         6
 Fulminant Prism          Conj/Alch      5%         3d7       61%         4
 Maxwell's Portable Pile  Tloc           10%        2d(7-13)  61%         4
 Irradiate                Conj/Alch      5%         3d13      91%         5
 Lee's Rapid Deconstruct  Erth           5%         3d6*      91%         5
 Metabolic Englaciation   Hex/Ice        5%         N/A       91%         5
 Yara's Violent Unravell  Hex/Alch       5%         3d4       91%         5
 Ignition                 Fire           20%        3d7       100%        8
 Lehudib's Crystal Spear  Conj/Erth      5%         10d3      100%        8


Dungeon Overview and Level Annotations

Branches:
Dungeon (12/15)            Temple (1/1) D:5            Lair (0/5) D:8
    Orc (0/2) D:12        Gauntlet (1/1)

Altars:
Ashenzari
Cheibriados
Dithmenos
Elyvilon
Fedhas
Gozag
Hepliaklqana
Kikubaaqudgha
Makhleb
Nemelex Xobeh
Okawaru
Qazlal
Ru
Sif Muna
Trog
Uskayaw
Vehumet
Wu Jian
Xom
Yredelemnul
Zin
The Shining One

Shops:
D:2 *(??:   D:8 =*   D:10 ?

Annotations:
D:4 1 runed translucent door, Xavori's ghost, amateur DjCK Gauntlet 11 transporters, 3 runed translucent doors


Innate Abilities, Weirdness & Mutations

Your spellcasting is much less encumbered by armour.
You can use scrolls of enchantment on lesser artefacts.


Message History

Your mana viper misses the sixfirhy.
Unknown command.
You barely miss the sixfirhy.
The sixfirhy is lightly wounded.
Something hits your mana viper.
Something closely misses your mana viper.
The ufetubus closely misses your mana viper.
The ufetubus hits your mana viper.
Your mana viper bites the ufetubus!!
The ufetubus dies!
You miss the sixfirhy.
The sixfirhy is lightly wounded.
Something barely misses your mana viper.
Something completely misses your mana viper.
The sixfirhy hits you but does no damage.
Your mana viper bites the sixfirhy.
Unknown command.
Unknown command.
You completely miss the sixfirhy.
The sixfirhy is moderately wounded.
The sixfirhy hits you. The sixfirhy shocks you! The sixfirhy hits you.
The sixfirhy shocks you!
* * * LOW HITPOINT WARNING * * *
Something barely misses your mana viper.
Something hits your mana viper. The sixfirhy hits you.
* * * LOW HITPOINT WARNING * * *
The sixfirhy shocks you!
* * * LOW HITPOINT WARNING * * *
Your mana viper closely misses the sixfirhy.
Unknown command.
You feel much better. The sixfirhy hits you. The sixfirhy shocks you!
* * * LOW HITPOINT WARNING * * *
The sixfirhy hits you.
* * * LOW HITPOINT WARNING * * *
The sixfirhy shocks you!
* * * LOW HITPOINT WARNING * * *
Something closely misses your mana viper. x2
The sixfirhy hits you!
* * * LOW HITPOINT WARNING * * *
The sixfirhy shocks you!
You die...

#≈≈..♣.P.#.##..##.:#.#...
#≈...PPP.#.#.##.,#**,*,.#
####..♣PPP♣.#.######**
,*#
#≈≈.........#.#....,,,
*#^
#≈..#########.#...♣,,,
*.. ##...#.......#.#.PPP,
,.#
##≈.∩.#.⌠.#.#[#.#.#≈#~
,..
##≈≈...#.......#.#.≈≈≈~
*##
#≈≈≈♣.©#.ß.©{#@#©#.#≈#~
,..
##≈≈...#....S3/#.#.≈≈≈~
*##
##≈.∩.#.ß.#.#[#.#.#≈#~
*#. ##...#.......#.#...P,
*## #≈..#########.#...♣,,
,..
#≈≈.........#.#....,,,
,#.
####..♣PP.♣.#.######**
,*#
#≈..P..P.#.#..w...,*,*,##
#≈≈..♣P..#.#.#+###!#.#2..


You could see a sixfirhy (ally target), a swamp worm, a friendly mana viper
(summoned) and a friendly animated ring mail (summoned).

Vanquished Creatures
  A hydra (D:10)
  Erolcha (D:10)
  2 centaur warriors
  2 two-headed ogres
  A boulder beetle (D:8)
  2 nameless horrors (D:11)
  2 ugly things (D:8)
  2 cyclopes (D:11)
  An unseen horror (D:8)
  2 kobold demonologists
  A komodo dragon (D:10)
  Psyche (D:10)
  A troll (D:10)
  Sigmund (D:3)
  2 shadows (D:11)
  2 wraiths (D:11)
  3 wyverns
  4 basilisks
  19 yaks
  3 vampire mosquitoes
  Menkaure (D:6)
  2 acid dragons
  2 water moccasins
  4 orc warriors
  3 sky beasts
  An ice beast (D:8)
  A phantom (D:5)
  6 centaurs
  6 kobold brigands
  2 bullfrogs
  3 scorpions (D:6)
  5 wights (D:7)
  6 killer bees
  4 howler monkeys
  3 jellies
  3 bombardier beetles
  2 orc priests
  4 iguanas
  2 sleepcaps
  12 orc wizards
  Robin (D:3)
  6 adders
  A shadow imp (D:8)
  4 white imps
  A dart slug (D:2)
  A ribbon worm (D:2)
  27 orcs
  6 endoplasms
  A giant cockroach (D:1)
  14 goblins
  7 hobgoblins
  23 kobolds
  2 quokkas
  4 ball pythons
  4 bats
  4 frilled lizards
  6 rats
237 creatures vanquished.

Vanquished Creatures (collateral kills)
  Fannar (D:10)
  The ghost of Bediveer the Skirmisher, a journeyman CoHu of Gozag (D:10)
  An unseen horror (D:11)
  A vampire (D:11)
  A shadow (D:10)
  A wyvern (D:10)
  3 yaks (D:10)
  A vampire mosquito (D:12)
  A basilisk (D:11)
  2 centaurs
  A killer bee (D:9)
  2 howler monkeys (D:10)
  An electric eel (D:11)
  An orc wizard (D:10)
  3 ufetubi (Gauntlet)
  An orc (D:10)
22 creatures vanquished.

Vanquished Creatures (others)
  A yak zombie (D:11)
  A centaur zombie (D:12)
2 creatures vanquished.

Grand Total: 261 creatures vanquished

Notes
Turn   | Place    | Note
-------+----------+-------------------------------------------
     0 | D:1      | bronco the Mountain Dwarf Monk began the quest for the Orb.
     0 | D:1      | Reached XP level 1. HP: 19/19 MP: 1/1
   335 | D:1      | Reached XP level 2. HP: 26/26 MP: 2/2
   940 | D:2      | Found Ophasil's Magic Scroll Shop.
  1080 | D:2      | Found Jeryaf's Book Emporium.
  1164 | D:2      | Reached XP level 3. HP: 31/31 MP: 3/3
  1413 | D:2      | Found Jyvvytoarph's General Store.
  1469 | D:2      | Found Ofarpho's Weapon Shoppe.
  1649 | D:2      | Found Fafruof's Magic Scroll Emporium.
  1869 | D:3      | Reached XP level 4. HP: 38/38 MP: 3/14
  2009 | D:3      | Noticed Sigmund
  2010 | D:3      | Reached skill level 5 in Armour
  2010 | D:3      | Reached XP level 5. HP: 51/51 MP: 16/16
  2021 | D:3      | Killed Sigmund
  2022 | D:3      | Reached XP level 6. HP: 57/58 MP: 17/17
  2065 | D:3      | Identified the +5 helmet "Soyde" {Harm Int+5}
  2065 | D:3      | Noticed Robin
  2077 | D:3      | Killed Robin
  2407 | D:3      | Found a faded altar of an unknown god.
  2975 | D:4      | Reached XP level 7. HP: 63/64 MP: 19/19
  3204 | D:4      | Found a runed translucent door.
  3377 | D:4      | Noticed Xavori's ghost (amateur DjCK)
  3398 | D:5      | Entered Level 5 of the Dungeon
  3431 | D:5      | Reached skill level 1 in Necromancy
  3431 | D:5      | Reached skill level 1 in Fire Magic
  3851 | D:5      | Noticed a yak
  3851 | D:5      | Noticed a yak
  3875 | D:5      | Killed a yak
  3979 | D:5      | Noticed a yak
  3999 | D:5      | Killed a yak
  4000 | D:5      | Reached XP level 8. HP: 59/71 MP: 20/20
  4170 | D:5      | Found a staircase to the Ecumenical Temple.
  4205 | Temple   | Entered the Ecumenical Temple
  4299 | Temple   | Became a worshipper of Ashenzari the Shackled
  4979 | D:6      | Reached XP level 9. HP: 78/78 MP: 21/21
  5109 | D:6      | Reached * piety under Ashenzari
  5140 | D:6      | Reached skill level 5 in Fire Magic
  5234 | D:6      | Found a white marble altar of Elyvilon.
  5404 | D:6      | Noticed Menkaure
  5426 | D:6      | Killed Menkaure
  5762 | D:7      | Reached skill level 5 in Necromancy
  6313 | D:7      | Reached ** piety under Ashenzari
  6849 | D:8      | Reached skill level 1 in Summonings
  6902 | D:8      | Found a staircase to the Lair.
  7196 | D:8      | Found Heddil's Neck Hole.
  7465 | D:8      | Noticed a two-headed ogre
  7489 | D:8      | Killed a two-headed ogre
  7490 | D:8      | Reached XP level 10. HP: 84/84 MP: 22/22
  7545 | D:8      | Found a sparkling altar of Nemelex Xobeh.
  7646 | D:8      | Noticed a cyan ugly thing
  7704 | D:8      | Noticed a cyan ugly thing
  7730 | D:8      | Killed a cyan ugly thing
  7741 | D:8      | Killed a cyan ugly thing
  7742 | D:8      | Reached skill level 5 in Summonings
  7849 | D:8      | Noticed a centaur warrior
  7866 | D:8      | Killed a centaur warrior
  7900 | D:8      | Identified the +8 sling of Lato {drain, Int+6}
  8171 | D:8      | Noticed a boulder beetle
  8175 | D:8      | Noticed an orange demon
  8295 | D:8      | Killed a boulder beetle
  8559 | D:8      | Found Ohysagry's Jewellery Shoppe.
  8687 | D:9      | Identified the Textbook on the Portentous Mesa
  8777 | D:8      | Reached XP level 11. HP: 94/94 MP: 24/24
  9419 | D:9      | Learned a level 5 spell: Summon Mana Viper
  9631 | D:9      | Reached *** piety under Ashenzari
  9789 | D:2      | Bought a book of Unlife for 432 gold pieces
  9794 | D:2      | Learned a level 4 spell: Animate Dead
  9919 | D:9      | Reached skill level 1 in Shields
 10407 | D:10     | Entered Level 10 of the Dungeon
 10407 | D:10     | Noticed Erolcha
 10415 | D:10     | Killed Erolcha
 10448 | D:10     | Found a runed translucent gate.
 10448 | D:10     | Found a runed translucent gate.
 10448 | D:10     | Found a runed translucent gate.
 10487 | D:10     | Noticed a nine-headed hydra
 10489 | D:10     | Noticed Bediveer's ghost (journeyman CoHu)
 10627 | D:10     | Noticed Fannar
 10642 | D:10     | Noticed a two-headed ogre
 10645 | D:10     | Killed Fannar
 10646 | D:10     | Reached skill level 5 in Shields
 10650 | D:10     | Killed a two-headed ogre
 10736 | D:10     | Noticed Psyche
 10775 | D:10     | Killed Psyche
 10934 | D:10     | Reached **** piety under Ashenzari
 10992 | D:10     | Found Ulitsuat's Magic Scroll Boutique.
 11324 | D:10     | Killed a nine-headed hydra
 11332 | D:10     | Killed Bediveer's ghost
 11349 | D:10     | Learned a level 3 spell: Stone Arrow
 11413 | D:11     | Noticed a centaur warrior
 11420 | D:11     | Killed a centaur warrior
 11421 | D:11     | Reached XP level 12. HP: 67/103 MP: 21/26
 11847 | D:11     | Reached skill level 10 in Shields
 12215 | D:11     | Noticed a nameless horror
 12226 | D:11     | Killed a nameless horror
 12642 | D:12     | Reached skill level 10 in Summonings
 12672 | D:12     | Found a gate leading to a gauntlet.
 12679 | Gauntlet | Entered a Gauntlet
 12679 | Gauntlet | Found a transporter.
 12685 | Gauntlet | Learned a level 4 spell: Animate Armour
 12780 | Gauntlet | Found a transporter.
 12780 | Gauntlet | Identified the +7 chain mail of Weukh {*Slow Int+7}
 12782 | Gauntlet | Found a transporter.
 12786 | Gauntlet | Found a runed translucent door.
 12786 | Gauntlet | Found a runed translucent door.
 12797 | Gauntlet | Found a transporter.
 12799 | Gauntlet | Found a transporter.
 12802 | Gauntlet | Noticed a cacodemon
 12803 | Gauntlet | Noticed a great orb of eyes
 12809 | Gauntlet | Found a runed translucent door.
 12812 | Gauntlet | Found a transporter.
 12826 | Gauntlet | Found a transporter.
 12834 | Gauntlet | Identified the +0 hat of the Swamp {rF+ rC+}
 12836 | Gauntlet | Found a transporter.
 12846 | Gauntlet | Found a transporter.
 12851 | Gauntlet | Noticed a death yak
 12851 | Gauntlet | Noticed a death yak
 12851 | Gauntlet | Noticed a death yak
 12852 | Gauntlet | Noticed a death yak
 12856 | Gauntlet | Noticed a death yak
 12857 | Gauntlet | Noticed a death yak
 12860 | Gauntlet | Found a transporter.
 12870 | Gauntlet | Found a transporter.
 12872 | Gauntlet | Found a transporter.
 12915 | Gauntlet | HP: 1/103 [sixfirhy (10)]
 12915 | Gauntlet | Mangled by a sixfirhy

Illustrated notes

Levels and vault maps discovered:
D:1:      elethiomel_arrival_shortcut, layout_loops_ring
D:2:      layout_loops_ring, serial_shops, shop_statue, shop, shop, shop,
          nicolae_shop_pleasant_corner_grove
D:3:      layout_loops_ring, shapermc_ecumenical_altar_ellora, st_stairs_13,
          uniq_robin, uniq_sigmund
D:4:      layout_cave_pools, ebering_ghost_reflecting_pool, minivault_19
D:5:      nicolae_cairo_tiling_large, layout_loops_ring,
          minmay_temple_entry_tees, patterned_corridor
D:6:      layout_basic, mainiacjoe_overflow_small_starburst, uniq_menkaure
D:7:      layout_basic
D:8:      minmay_the_grid_octo_triangle [minmay_the_grid_octo_vomiting_pacman,
          minmay_the_grid_octo_prize_big_c, minmay_the_grid_octo_checkered],
          layout_loops_cross, lair_entry_dummy, serial_shops,
          nicolae_shop_temple_entry_statues_fountains,
          chequers_serial_rivers_large_a, nicolae_shop_sticking_my_neck_out
D:9:      layout_big_octagon
D:10:     nicolae_hitomezashi [nicolae_hito_row, nicolae_hito_row,
          nicolae_hito_row, nicolae_hito_row, nicolae_hito_row,
          nicolae_hito_row, nicolae_hito_row, nicolae_hito_row,
          nicolae_hito_row, nicolae_hito_row, nicolae_hito_row,
          nicolae_hito_row, nicolae_hito_row, nicolae_hito_row,
          nicolae_hito_row, nicolae_hito_row, nicolae_hito_row,
          nicolae_hito_row], layout_rooms, gammafunk_ghost_hydra_chop,
          serial_shops, shop, uniq_psyche, uniq_fannar, uniq_erolcha
D:11:     layout_roguey, kennysheep_opposing_triangles
D:12:     gammafunk_mikee_crab_dinner, layout_small_grid, david_orc_4,
          gauntlet_entry_generic
Temple:   nicolae_temple_bog_church
Gauntlet: minmay_gauntlet_77_tree [minmay_gauntlet_arena_77_museum,
          minmay_gauntlet_arena_77_shame_cube, minmay_gauntlet_arena_77_mess,
          minmay_gauntlet_arena_77_path, minmay_gauntlet_arena_77_p_blocks,
          minmay_gauntlet_arena_77_two_lines,
          minmay_gauntlet_arena_77_two_paths, dreamdust_gauntlet_exit_labyrinth]

Skill      XL: |  1  2  3  4  5  6  7  8  9 10 11 12 |
---------------+-------------------------------------+-----
Polearms       | 4 7 |  7.5
Spellcasting   | 8 |  8.7
Fighting       | 6 |  6.7
Armour         | 5 |  5.5
Necromancy     | 2 4 6 |  6.0
Fire Magic     | 2 4 6 |  6.5
Summonings     | 3 7 9 10 | 10.0
Shields        | 9 10 | 10.5
Dodging        | |  2.2

Action                     |  1- 3 |  4- 6 |  7- 9 | 10-12 || total
---------------------------+-------+-------+-------+-------++-------
  Melee: Spear             |   127 |    80 |   305 |   345 ||   857
  Throw: Stone             |     2 |       |    40 |    18 ||    60
         Dart              |       |       |     1 |     5 ||     6
         Throwing net      |       |       |       |     1 ||     1
   Cast: Summon Mana Viper |       |       |       |    14 ||    14
         Animate Dead      |       |       |       |     6 ||     6
         Animate Armour    |       |       |       |     1 ||     1
 Invoke: Curse Item        |       |       |     3 |     4 ||     7
  Evoke: Wand              |       |       |       |     1 ||     1
         Phantom mirror    |       |       |       |     1 ||     1
    Use: Scroll            |     6 |     8 |     5 |     1 ||    20
         Potion            |     1 |     5 |     1 |     5 ||    12
   Stab: Distracted        |       |       |       |     3 ||     3
         Held in net/web   |       |       |       |     1 ||     1
 Armour: Robe              |    15 |       |       |       ||    15
         Ring mail         |    45 |    28 |   105 |   195 ||   373
         Skin              |       |       |       |     3 ||     3
  Dodge: Dodged            |    40 |    20 |    63 |   111 ||   234

Table legend: (Time is in decaauts)
 A = Elapsed time spent in this place.
 B = Non-inter-level travel time spent in this place.
 C = Inter-level travel time spent in this place.
 D = Time resting spent in this place.
 E = Time spent auto-exploring this place.
 F = Levels seen in this place.
 G = Mean time per level.
                   A        B        C        D        E       F      G
               +--------+--------+--------+--------+--------+-----+--------+
         Total |  12957 |  11996 |    961 |   2676 |   7010 |  14 |  925.5 |
       Dungeon |  12619 |  11756 |    863 |   2583 |   7010 |  12 | 1051.6 |
        Temple |    104 |      6 |     98 |      0 |      0 |   1 |  104.0 |
      Gauntlet |    233 |    233 |      0 |     93 |      0 |   1 |  233.0 |
               +--------+--------+--------+--------+--------+-----+--------+

Top non-repeatable levels by time:
     D:8: 2162 daAuts
     D:9: 1341 daAuts
    D:11: 1222 daAuts
     D:5: 1222 daAuts
     D:7: 1182 daAuts
     D:3: 1056 daAuts
     D:6: 1014 daAuts
     D:1: 937 daAuts
    D:10: 923 daAuts
     D:2: 860 daAuts
     D:4: 635 daAuts
Gauntlet: 233 daAuts
  Temple: 104 daAuts
    D:12: 60 daAuts
